 Dungeon Crawl Stone Soup version 0.26.0-10-g1f06aea511 (webtiles) character file.

Game seed: 16437312875483308015

432 trckry the Ruffian (level 6, -1/47 HPs)
             Began as a Draconian Transmuter on Jan 13, 2021.
             Was an Initiate of Wu Jian.
             Slain by an ice beast (4 damage)
             ... on level 4 of the Dungeon.
             The game lasted 00:06:50 (3997 turns).

trckry the Ruffian (Draconian Transmuter)           Turns: 3997, Time: 00:06:50

Health: -1/47      AC:  6    Str: 12    XL:     6   Next: 67%
Magic:  8/9        EV: 12    Int: 16    God:    Wu Jian [......]
Gold:   181        SH:  4    Dex: 11    Spells: 8/9 levels left

rFire    . . .     SeeInvis .     - Unarmed
rCold    . . .     Faith    .   b - +0 buckler
rNeg     . . .     Spirit   .   (armour unavailable)
rPois    .         Reflect  .   (helmet currently unavailable)
rElec    .         Harm     .   (no cloak)
rCorr    .         Rampage  .   (no gloves)
Will     .....                  (boots currently unavailable)
Stlth    +.........             (no amulet)
HPRegen  0.15/turn              (no ring)
MPRegen  0.11/turn              (no ring)

@: appendages
A: unfitting armour, horns 2, talons 2, cold-blooded, AC +6
a: End Transformation, Renounce Religion


You were on level 4 of the Dungeon.
You worshipped Wu Jian.
Wu Jian was noncommittal.
You had grown temporary horns.
You had grown temporary talons.
You visited 1 branch of the dungeon, and saw 5 of its levels.

You collected 280 gold pieces.
You spent 99 gold pieces at shops.

Inventory:

Missiles
 j - 4 poisoned darts
Armour
 b - a +0 buckler (worn)
Jewellery
 g - an uncursed amulet of regeneration {unknown}
 k - an uncursed ring of fire {unknown}
Scrolls
 a - 3 scrolls of teleportation {unknown}
 d - a scroll of immolation {unknown}
 e - 2 scrolls of enchant weapon {unknown}
 f - 5 scrolls of identify {unknown}
 i - 3 scrolls of remove curse {unknown}
 m - a scroll of amnesia {unknown}
Potions
 c - 2 potions of haste {unknown}
 h - 2 potions of magic {unknown}
 l - 4 potions of curing
 n - a potion of cancellation {unknown}
 o - a potion of heal wounds


   Skills:
 - Level 1.1 Fighting
 - Level 1.7 Dodging
 + Level 2.6 Shields
 * Level 5.3 Unarmed Combat
 - Level 2.0 Spellcasting
 * Level 4.9 Transmutations


You had 8 spell levels left.
You knew the following spells:

 Your Spells              Type           Power        Failure   Level
a - Beastly Appendage     Tmut           34%          3%          1

Your spell library contained the following spells:

 Spells                   Type           Power        Failure   Level
 Wereblood                Tmut           17%          4%          2
 Freeze                   Ice            4%           24%         1
 Spider Form              Tmut/Pois      4%           26%         3
 Frozen Ramparts          Ice            2%           58%         3
 Ozocubu's Armour         Ice            1%           58%         3
 Ice Form                 Ice/Tmut       9%           65%         4
 Blade Hands              Tmut           8%           65%         5
 Hailstorm                Conj/Ice       1%           94%         4
 Summon Ice Beast         Ice/Summ       1%           94%         4


Dungeon Overview and Level Annotations

Branches:
Dungeon (5/15)
 Temple: D:4-7

Altars:
Wu Jian
Yredelemnul

Shops:
D:4 !

Annotations:
D:2 Sigmund


Innate Abilities, Weirdness & Mutations

Your plain brown scales are hard. (AC +6)
You cannot fit into any form of body armour.
You are cold-blooded and may be slowed by cold attacks.
You have a pair of horns on your head.
You have razor-sharp toenails.


Message History

Confirm with . or Enter, or press ? or * to list all spells.
You grow a pair of large bovine horns.
Your feet morph into talons.
The ice beast closely misses you.
You hit the ice beast.
The ice beast is lightly wounded.
The ice beast hits you. The ice beast freezes you.
You feel yourself slow down.
You barely miss the ice beast. Your kick misses the ice beast.
You tail-slap the ice beast, but do no damage.
The ice beast is lightly wounded.
The ice beast hits you but does no damage.
You hit the ice beast but do no damage. Your kick misses the ice beast.
You tail-slap the ice beast, but do no damage.
The ice beast is lightly wounded.
You feel yourself speed up. The ice beast hits you. The ice beast freezes you!
You feel yourself slow down. The ice beast hits you. The ice beast freezes you!
* * * LOW HITPOINT WARNING * * *
You feel yourself speed up. The ice beast hits you.
You die...

#............#..............##.
##............#######...........
#......>........................
#.......##.#.###.#.###..........
#.......##.#...#.#.# ######.....
#..............#.#.####....#....
#######........[......'....'....
#.......<.............#)...#....
#..........####@......#....#....
#.............Y.......#....#...#
#.........#####....#######......
#.........'...+.........##......
#.........#####.........##......
#...............................
#.................##..........#.
#.................##..........#.
#.................#############.


You could see an ice beast.

Vanquished Creatures
  A centaur (D:5)
  Blork the orc (D:4)
  Terence (D:2)
  4 worker ants
  4 adders
  4 gnolls
  3 oozes
  An adder skeleton (D:4)
  3 worms
  3 dart slugs
  5 leopard geckos
  An orc (D:3)
  A ball python (D:1)
  4 bats (D:1)
  5 giant cockroaches
  4 goblins
  2 hobgoblins (D:3)
  10 jackals
  2 quokkas (D:4)
  3 frilled lizards
  A giant cockroach zombie (D:5)
  4 kobolds
  5 rats
72 creatures vanquished.

Notes
Turn   | Place    | Note
-------+----------+-------------------------------------------
     0 | D:1      | trckry the Draconian Transmuter began the quest for the
                  | Orb.
     0 | D:1      | Reached XP level 1. HP: 16/16 MP: 3/3
    84 | D:1      | Reached XP level 2. HP: 21/23 MP: 3/5
   620 | D:2      | Noticed Terence
   641 | D:2      | Killed Terence
   642 | D:2      | Reached skill level 1 in Shields
   642 | D:2      | Reached XP level 3. HP: 4/28 MP: 4/6
   987 | D:2      | Reached XP level 4. HP: 14/35 MP: 5/7
   994 | D:2      | Reached skill level 4 in Unarmed Combat
  1417 | D:2      | Noticed Sigmund
  2318 | D:3      | Reached XP level 5. HP: 40/40 MP: 5/8
  2968 | D:4      | Found a basalt altar of Yredelemnul.
  3219 | D:4      | Noticed Blork the orc
  3231 | D:4      | Killed Blork the orc
  3232 | D:4      | Reached XP level 6. HP: 15/47 MP: 9/9
  3512 | D:4      | Reached skill level 5 in Unarmed Combat
  3669 | D:4      | Found Vucehol's Distillery.
  3696 | D:4      | Bought a potion of degeneration for 11 gold pieces
  3696 | D:4      | Bought a potion of heal wounds for 55 gold pieces
  3696 | D:4      | Bought a potion of curing for 33 gold pieces
  3735 | D:4      | Found an ornate altar of the Wu Jian Council.
  3751 | D:4      | Became a worshipper of the Wu Jian Council
  3921 | D:5      | Entered Level 5 of the Dungeon
  3959 | D:5      | Noticed an ice beast
  3959 | D:5      | Noticed an ice beast
  3995 | D:4      | HP: 3/47 [ice beast (14)]
  3997 | D:4      | Slain by an ice beast

Illustrated notes

Levels and vault maps discovered:
D:1:      lightli_arrival_quake, layout_basic, hex_large
D:2:      layout_loops_cross, minmay_pentomino_pile, uniq_sigmund, uniq_terence
D:3:      layout_basic, glass_columns_b
D:4:      layout_basic, nzn_wu_jian_council_hall, serial_shops, shop_fountains,
          yredelemnul_altar_generic, uniq_blork_the_orc
D:5:      layout_loops_ring, grunt_gozag_statues

Skill      XL: |  1  2  3  4  5  6 |
---------------+-------------------+-----
Shields        | 1 2 |  2.6
Transmutations | 3 4 |  4.9
Unarmed Combat | 4 5 |  5.3
Fighting       | |  1.1
Dodging        | |  1.7
Spellcasting   | |  2.0

Action                   |  1- 3 |  4- 6 || total
-------------------------+-------+-------++-------
Melee: Unarmed           |    63 |   186 ||   249
       Kick              |    17 |    28 ||    45
       Headbutt          |     8 |    24 ||    32
       Tailslap          |     5 |    19 ||    24
 Cast: Beastly Appendage |     8 |    25 ||    33
Invok: Lunge             |       |     1 ||     1
 Stab: Sleeping          |     1 |       ||     1
Armor: Skin              |    17 |    60 ||    77
Dodge: Dodged            |    35 |    91 ||   126
Block: Buckler           |     1 |    30 ||    31
